 Dungeon Crawl Stone Soup version 0.25-a0-992-gca090100c3 (webtiles) character file.

Game seed: 145664625983623626, levelgen mode: deterministic

204 Flugslaktarn the Shield-Bearer (level 5, -6/47 HPs)
             Began as a Minotaur Fighter on May 10, 2020.
             Mangled by an ogre
             ... wielding a +0 giant club
              (19 damage)
             ... on level 4 of the Dungeon.
             The game lasted 00:00:59 (1727 turns).

Flugslaktarn the Shield-Bearer (Minotaur Fighter)   Turns: 1727, Time: 00:01:00

Health: -6/47      AC:  9    Str: 21    XL:     5   Next: 52%
Magic:  4/4        EV:  5    Int:  5    God:
Gold:   86         SH:  9    Dex: 10    Spells: 4/4 levels left

rFire    . . .     SeeInvis .   a - +0 rapier
rCold    . . .     Gourm    .   c - +0 kite shield
rNeg     + . .     Faith    .   h - +0 chain mail (curse)
rPois    .         Spirit   .   (helmet restricted)
rElec    .         Reflect  .   (no cloak)
rCorr    .         Harm     .   (no gloves)
MR       .....                  (no boots)
Stlth    ..........             f - amulet of regeneration
HPRegen  0.55/turn              g - ring of positive energy
MPRegen  0.09/turn              (no ring)

@: no status effects
A: retaliatory headbutt, horns 2
a: no special abilities


You were on level 4 of the Dungeon.
You were hungry.

You visited 1 branch of the dungeon, and saw 5 of its levels.

You collected 86 gold pieces.

Inventory:

Hand Weapons
 a - a +0 rapier (weapon)
Armour
 b - a +0 scale mail
 c - a +0 kite shield (worn)
 h - a cursed +0 chain mail (worn)
   (You found it on level 2 of the Dungeon)
Jewellery
 f - an amulet of regeneration (around neck)
   (You found it on level 4 of the Dungeon)
 g - a ring of positive energy (left hand)
   (You found it on level 4 of the Dungeon)
Scrolls
 i - a scroll of immolation
Potions
 d - 2 potions of heal wounds {unknown}
 j - a potion of lignification {unknown}
 q - 2 potions of curing
Comestibles
 e - 5 rations


   Skills:
 + Level 4.6 Fighting
 * Level 4.3 Short Blades
 + Level 4.7 Armour
 + Level 4.7 Shields


You had 4 spell levels left.
You didn't know any spells.
Your spell library was empty.

Dungeon Overview and Level Annotations

Branches:
Dungeon (5/15)
 Temple: D:4-7

Altars:


Innate Abilities, Weirdness & Mutations

You reflexively headbutt those who attack you in melee.
You have a pair of horns on your head.


Message History

The ogre hits you with a +0 giant club.
* * * LOW HITPOINT WARNING * * *
The iguana barely misses you.
You climb upwards.
There is a stone staircase leading down here.
Unknown command.
Unknown command.
Unknown command.
Unknown command.
Unknown command.
Unknown command.
You hit the ogre.
The ogre is severely wounded.
The ogre hits you with a +0 giant club!
* * * LOW HITPOINT WARNING * * *
Your shield and chain mail prevent you from hitting the ogre.
You headbutt the ogre.
The ogre is severely wounded.
The ogre hits you with a +0 giant club!!
You die...

.........#.#.....####.....#####.#
...........##....##.......# #.#
.........#.#####.##.#.....# #..
##...#####.# #.##.#.....# #..
......l..l.# #.##.####### ##.
##)).#####.# #.......#########.
##.).# #.# #.##.##........##.
....## #.#####........#####.##.
.##.######....lO@...##..#####.##.
.##......#######.#####..##.......
....####.# #>.......##.##.###
.#....##.############.#....##.#
....#.........# #.........#
....####.####.# ###########
###.####.# ##.# .........# #.(#
###.###### #.##


You could see an ogre and an iguana.

Vanquished Creatures
  3 orc priests (D:4)
  An iguana (D:5)
  A worker ant (D:4)
  A hound skeleton (D:4)
  2 adders
  A leopard gecko (D:4)
  8 orcs
  4 bats
  A giant cockroach (D:4)
  2 goblins
  3 hobgoblins
  A jackal (D:4)
  2 quokkas
  2 frilled lizards
  A kobold (D:3)
  A quokka skeleton (D:4)
34 creatures vanquished.

Notes
Turn   | Place    | Note
-------+----------+-------------------------------------------
     0 | D:1      | Flugslaktarn the Minotaur Fighter began the quest for the
                  | Orb.
     0 | D:1      | Reached XP level 1. HP: 19/19 MP: 0/0
   145 | D:2      | Reached XP level 2. HP: 27/27 MP: 1/1
   356 | D:4      | Reached XP level 3. HP: 9/33 MP: 2/2
   378 | D:4      | HP: 1/33 [poisoned by an adder]
   712 | D:4      | Reached XP level 4. HP: 18/40 MP: 3/3
   911 | D:4      | Reached XP level 5. HP: 33/47 MP: 4/4
  1688 | D:5      | Entered Level 5 of the Dungeon
  1688 | D:5      | Noticed an ogre
  1727 | D:4      | Mangled by an ogre

Illustrated notes

Levels and vault maps discovered:
D:1:      minmay_arrival_four_houses, layout_basic, minmay_pentomino_q4
D:2:      layout_basic, glass_columns_a, hangedman_ru_absence
D:3:      minmay_diamond_boxcup, layout_loops_ring,
          nicolae_qazlal_style_of_elements
D:4:      layout_loops_cross
D:5:      layout_loops_ring, temple_hall_moat, serial_shops, shop, first_ration,
          grunt_ministairs_14, uniq_prince_ribbit1

Skill      XL: |  1  2  3  4 |
---------------+-------------+-----
Fighting       | 4 |  4.6
Short Blades   | 3 4 |  4.3
Armour         | 4 |  4.7
Shields        | 4 |  4.7

Action                   |  1- 3 |  4- 6 || total
-------------------------+-------+-------++-------
Melee: Rapier            |    65 |    39 ||   104
       Headbutt          |     5 |     9 ||    14
  Use: Potion            |     2 |       ||     2
       Scroll            |       |     2 ||     2
  Eat: Chunk             |       |     2 ||     2
Armor: Scale mail        |     9 |       ||     9
       Chain mail        |    31 |    10 ||    41
Dodge: Dodged            |    12 |     6 ||    18
Block: Kite shield       |    27 |    17 ||    44

Table legend:
 A = Non-vault XP
 B = Vault XP
 C = Vault XP percentage of total XP
 D = Non-vault monster count
 E = Vault monster count
 F = Vault count percentage of total count
                 A         B        C        D         E       F
            +---------+---------+-------+---------+---------+-------
      Total |     255 |      37 |  12.7 |      33 |       1 |   2.9
            +---------+---------+-------+---------+---------+-------
        D:1 |       4 |       0 |   0.0 |       2 |       0 |   0.0
        D:2 |       8 |       0 |   0.0 |       4 |       0 |   0.0
        D:3 |      23 |       0 |   0.0 |      11 |       0 |   0.0
        D:4 |     207 |       0 |   0.0 |      15 |       0 |   0.0
        D:5 |      13 |      37 |  74.0 |       1 |       1 |  50.0
            +---------+---------+-------+---------+---------+-------
